 Dungeon Crawl Stone Soup version bcrawl-1.15.1-4-g77d781cab4 (webtiles) character file.

Game seed: 13333912685228290988

39 MisterOstroum the Conjurer (level 3, -8/21 HPs)
             Began as a Fairy Conjurer on Oct 6, 2019.
             Mangled by an orc warrior
             ... wielding a +0 glaive of chopping
              (20 damage)
             ... on level 3 of the Dungeon.
             The game lasted 00:01:41 (1511 turns).

MisterOstroum the Conjurer (Fairy Conjurer)         Turns: 1511, Time: 00:01:41

Health: -8/21      AC:  4    Str:  6    XL:     3   Next: 47%
Magic:  9/9        EV: 16    Int: 19    God:
Gold:   71         SH:  4    Dex: 12    Spells: 1/7 levels left

rFire    . . .     SeeInvis .   j - +0 dagger
rCold    . . .     Gourm    .   (shield restricted)
rNeg     . . .     Faith    .   (armour unavailable)
rPois    .         Spirit   .   (no helmet)
rElec    .         Reflect  .   (no cloak)
rCorr    .         Harm     .   (no gloves)
MR       .....                  (no boots)
Stlth    +.........             (no amulet)
HPRegen  0.07/turn              (no ring)
MPRegen  0.11/turn              (no ring)

@: flying evasively
A: small, magic attunement, unstealthy, unfitting armour, able to fly, AC/SH +4
a: Stop Flying


You were on level 3 of the Dungeon.
You were not hungry.

You visited 1 branch of the dungeon, and saw 3 of its levels.

You collected 71 gold pieces.

Inventory:

Hand Weapons
 j - a +0 dagger (weapon)
 m - a +0 war axe of chopping
Missiles
 g - 341 stones (quivered)
Armour
 p - a +0 pair of boots
Scrolls
 c - a scroll of fog {unknown}
 d - 2 scrolls of remove curse {unknown}
 h - 2 scrolls of identify {unknown}
 i - a scroll of teleportation {unknown}
 k - a scroll of magic mapping {unknown}
 o - 2 scrolls of noise {unknown}
 r - a scroll of amnesia {unknown}
Potions
 a - a potion of lignification {unknown}
 b - a potion of magic
 f - 2 potions of haste {unknown}
 l - 2 potions of degeneration {unknown}
 n - a potion of flight {unknown}
 q - a potion of mutation {unknown}
Comestibles
 e - 10 rations {!d}


   Skills:
 - Level 2.6 Dodging
 - Level 1.5 Stealth
 - Level 2.6 Spellcasting
 + Level 6.2 Conjurations


You had one spell level left.
You knew the following spells:

 Your Spells              Type           Power        Failure   Level  Hunger
a - Magic Dart            Conj           ####         1%          1    None
b - Searing Ray           Conj           ####..       1%          2    None
c - Iskenderun's Mystic   Conj           ####....     3%          3    None

Your spell library contained the following spells:

 Spells                   Type           Power        Failure   Level  Hunger
 Fulminant Prism          Conj/Hex       ##........   41%         4    None
 Irradiate                Conj/Tmut      ##........   77%         5    None


Dungeon Overview and Level Annotations

Branches:
Dungeon (3/12)

Altars:
Okawaru
Ru
The Shining One


Innate Abilities, Weirdness & Mutations

Your spells do not cause hunger and MP costs are reduced by 1.
Your bright wings attract enemies. (Stealth-)
You cannot fit into any form of body armour.
Your shimmering scales are hard and can block incoming attacks. (AC +4, SH +4)
You are small and have problems with some larger weapons.
You can fly continuously.


Message History

You reach down and open the door.
There is an open door here.
Found a stone staircase leading up.
A quokka comes into view.
A quokka is nearby!
Casting: Magic Dart (safe; 1% risk of failure)
Confirm with . or Enter, or press ? or * to list all spells.
Aiming: Magic Dart (safe; 1% risk of failure)
Press: ? - help, Shift-Dir - straight line, f - quokka
Aim: a quokka The magic dart hits the quokka.
Casting: Magic Dart (safe; 1% risk of failure)
Confirm with . or Enter, or press ? or * to list all spells.
Aiming: Magic Dart (safe; 1% risk of failure)
Press: ? - help, Shift-Dir - straight line, f/p - quokka
Aim: a quokka The magic dart hits the quokka.
You kill the quokka!
Casting: Magic Dart (safe; 1% risk of failure)
Confirm with . or Enter, or press ? or * to list all spells.
You can't see any susceptible monsters within range! (Use Z to cast anyway.)
Casting: Magic Dart (safe; 1% risk of failure)
Confirm with . or Enter, or press ? or * to list all spells.
You can't see any susceptible monsters within range! (Use Z to cast anyway.)
Casting: Magic Dart (safe; 1% risk of failure)
Confirm with . or Enter, or press ? or * to list all spells.
You can't see any susceptible monsters within range! (Use Z to cast anyway.)
You reach down and open the door.
There is an open door here.
Found an iron altar of Okawaru and a faded altar of an unknown god.
Found a sacrificial altar of Ru.
A rat comes into view.
Casting: Magic Dart (safe; 1% risk of failure)
Confirm with . or Enter, or press ? or * to list all spells.
Aiming: Magic Dart (safe; 1% risk of failure)
Press: ? - help, Shift-Dir - straight line, f - rat
Aim: a rat The magic dart hits the rat.
The rat is heavily wounded.
Found a glowing golden altar of the Shining One.
Casting: Magic Dart (safe; 1% risk of failure)
Confirm with . or Enter, or press ? or * to list all spells.
Aiming: Magic Dart (safe; 1% risk of failure)
Press: ? - help, Shift-Dir - straight line, f/p - rat
Aim: a rat (heavily wounded)
The magic dart hits the rat.
You kill the rat!
Casting: Magic Dart (safe; 1% risk of failure)
Confirm with . or Enter, or press ? or * to list all spells.
You can't see any susceptible monsters within range! (Use Z to cast anyway.)
Casting: Magic Dart (safe; 1% risk of failure)
Confirm with . or Enter, or press ? or * to list all spells.
You can't see any susceptible monsters within range! (Use Z to cast anyway.)
Found a faded altar of an unknown god.
You butcher the rat corpse.
r - a chunk of flesh You see here a rat skeleton. x2
There is an open door here.
Eating a chunk of flesh.
You eat the chunk of flesh.
This raw flesh tastes terrible.
Done exploring.
Done exploring.
Unknown command.
Done exploring.
Done exploring.
(D) Dungeon
Where to? (Enter - D:2, ? - help)
You see here a +0 club.
You see here a short sword.
There is an escape hatch in the ceiling here.
There is a stone staircase leading down here.
You fly downwards.
Found a scroll labeled GOGOTE FOLI.
Found a stone staircase leading down.
There is a stone staircase leading up here.
r - a scroll labeled GOGOTE FOLI You reach down and open the door.
A rat, an orc, an orc warrior and an orc priest come into view.
The orc warrior is wielding a +0 glaive of chopping.
The orc warrior shouts!
You hear a shout!
An orc wizard comes into view.
It is wielding a +1 dagger of electrocution.
The rat twitches its whiskers.
Casting: Magic Dart (safe; 1% risk of failure)
Confirm with . or Enter, or press ? or * to list all spells.
Aiming: Magic Dart (safe; 1% risk of failure)
Press: ? - help, Shift-Dir - straight line, f - orc warrior
Aim: an orc warrior, wielding a +0 glaive of chopping and wearing a +0 chain mail The magic dart hits the orc warrior.
The orc warrior is lightly wounded.
The orc wizard shouts!
You hear a shout!
An orc comes into view. It is wielding a +0 falchion.
An orc comes into view. It is wielding a +0 club.
The orc warrior hits you from afar with a +0 glaive of chopping.
A kobold comes into view.
The kobold shouts!
You hear a shout!
The orc hits you with a +0 falchion.
You hear an angry hiss.
There is a stone staircase leading up here.
The orc warrior hits you from afar with a +0 glaive of chopping!!
Ouch! That really hurt!
You die...

#########
#.......##
#.......>.
#........#
#........#
#........#
#........#
#........#
#@.......#
##o#####.#
.oo. .
...Ko..
..#.#.###
..r#.#.#
....#.#.#
#.oo #.# #


You could see an orc warrior, an orc priest, an orc wizard, an orc and a kobold.

Vanquished Creatures
  2 worms (D:2)
  A leopard gecko (D:2)
  2 orcs (D:2)
  4 bats
  3 goblins
  4 hobgoblins
  2 jackals (D:2)
  4 kobolds
  2 quokkas (D:2)
  A ball python (D:1)
  3 rats (D:2)
28 creatures vanquished.

Notes
Turn   | Place    | Note
-------+----------+-------------------------------------------
     0 | D:1      | MisterOstroum the Fairy Conjurer began the quest for the
                  | Orb.
     0 | D:1      | Reached XP level 1. HP: 11/11 MP: 6/6
    28 | D:1      | Reached skill level 5 in Conjurations
   339 | D:1      | Reached XP level 2. HP: 17/17 MP: 7/7
   551 | D:1      | Learned a level 2 spell: Searing Ray
   910 | D:2      | Reached skill level 6 in Conjurations
   910 | D:2      | Reached XP level 3. HP: 21/21 MP: 9/9
   967 | D:2      | Learned a level 3 spell: Iskenderun's Mystic Blast
  1434 | D:2      | Found an iron altar of Okawaru.
  1434 | D:2      | Found a faded altar of an unknown god.
  1439 | D:2      | Found a sacrificial altar of Ru.
  1442 | D:2      | Found a glowing golden altar of the Shining One.
  1444 | D:2      | Found a faded altar of an unknown god.
  1508 | D:3      | Noticed an orc warrior
  1511 | D:3      | Mangled by an orc warrior

Skill      XL: |  1  2 |
---------------+-------+-----
Conjurations   | 5 6 |  6.2
Dodging        | |  2.6
Stealth        | |  1.5
Spellcasting   | |  2.6

Action                   || total
-------------------------++-------
 Cast: Magic Dart        ||    58
       Searing Ray       ||     1
  Eat: Chunk             ||     2
Dodge: Dodged            ||     3
Block: Other             ||     1
